 Dungeon Crawl Stone Soup version 0.25-a0-734-g73332ae (webtiles) character file.

Game seed: 7575275677886757377, levelgen mode: deterministic

44 BlueFish the Magician (level 3, -4/25 HPs)
             Began as a Mummy Wizard on Apr 9, 2020.
             Killed from afar by an orc wizard (8 damage)
             ... with a magic dart
             ... on level 2 of the Dungeon.
             The game lasted 00:04:05 (2199 turns).

BlueFish the Magician (Mummy Wizard)                Turns: 2199, Time: 00:04:06

Health: -4/25      AC:  2    Str: 10    XL:     3   Next: 39%
Magic:  1/9        EV: 12    Int: 18    God:
Gold:   85         SH:  0    Dex: 10    Spells: 5/12 levels left

rFire    x . .     SeeInvis .   e - +1 dagger (vamp)
rCold    + . .     Gourm    .   (no shield)
rNeg     + + +     Faith    .   a - +0 robe
rPois    ∞         Spirit   .   b - +0 hat
rElec    .         Reflect  .   (no cloak)
rCorr    .         Harm     .   (no gloves)
MR       .....                  (no boots)
Stlth    ++........             (no amulet)
HPRegen  0.08/turn              (no ring)
MPRegen  0.11/turn              (no ring)

@: very slightly contaminated
A: no food or potions, fire vulnerability, cold resistance 1, negative energy
resistance 3, torment resistance, unbreathing
a: no special abilities


You were on level 2 of the Dungeon.
You were not hungry.

You visited 1 branch of the dungeon, and saw 2 of its levels.

You collected 85 gold pieces.

Inventory:

Hand Weapons
 e - a +1 vampiric dagger (weapon)
Armour
 a - a +0 robe (worn)
 b - a +0 hat (worn)
Scrolls
 d - a scroll of teleportation {unknown}


   Skills:
 * Level 0.9 Fighting
 * Level 1.6 Dodging
 * Level 1.7 Stealth
 * Level 5.1 Spellcasting
 + Level 1.1 Conjurations
 + Level 0.7 Summonings
 + Level 0.7 Translocations


You had 5 spell levels left.
You knew the following spells:

 Your Spells              Type           Power        Failure   Level  Hunger
a - Magic Dart            Conj           #...         9%          1    N/A
b - Blink                 Tloc           N/A          14%         2    N/A
c - Call Imp              Summ           #.......     14%         2    N/A
d - Slow                  Hex            #.......     21%         2    N/A

Your spell library contained the following spells:

 Spells                   Type           Power        Failure   Level  Hunger
 Conjure Flame            Conj/Fire      #.......     30%         3    N/A
 Mephitic Cloud           Conj/Pois/Air  #.......     34%         3    N/A

Dungeon Overview and Level Annotations

Branches:
Dungeon (2/15)

Altars:


Innate Abilities, Weirdness & Mutations

You do not eat or drink.
Your flesh is vulnerable to fire.
You are immune to poison.
Your flesh is cold resistant. (rC+)
You are immune to negative energy. (rN+++)
You are immune to unholy pain and torment.
You can survive without breathing.


Message History

Your crimson imp barely misses something.
Something closely misses your white imp.
Your white imp disappears in a puff of smoke!
Your crimson imp blinks!
You closely miss something. Something hits you.
* * * LOW HITPOINT WARNING * * *
Casting: Call Imp (safe; 14% risk of failure)
Confirm with . or Enter, or press ? or * to list all spells.
You don't know that spell.
Casting: Call Imp (safe; 14% risk of failure)
Confirm with . or Enter, or press ? or * to list all spells.
You miscast Call Imp.
You are very lightly contaminated with residual magic.
A fistful of eyes flickers past your view.
Your white imp barely misses something.
Your crimson imp blinks!
You hear some strange, mumbled words.
A magic dart appears from out of thin air!
The magic dart hits you!
You die...

..# ##.##### ###.#
#.# #.# #...# #.#
#.# #.### #.# ##+##
#!# #.###...## ##§##
#.##.....## ##...##
..#.......## #.#.#.#
##...<.....####...##
.+.........+....@..#
##.........####5{o##
##..†....## ##5##
##.....## #.#
##...## #.# ##+##
#.# #5# ####
........# !...
..o..####


You could see an orc, 2 friendly crimson imps and a friendly white imp.

Vanquished Creatures
  An ooze (D:1)
  3 dart slugs
  A giant cockroach (D:1)
  2 goblins (D:1)
  4 hobgoblins (D:1)
  2 jackals (D:2)
  4 bats (D:1)
  5 frilled lizards
  6 kobolds
  3 rats (D:1)
31 creatures vanquished.

Vanquished Creatures (collateral kills)
  An orc (D:2)
  A hobgoblin (D:1)
  A jackal (D:2)
  A bat (D:1)
  A frilled lizard (D:1)
  A rat (D:1)
6 creatures vanquished.

Grand Total: 37 creatures vanquished

Notes
Turn   | Place    | Note
-------+----------+-------------------------------------------
     0 | D:1      | BlueFish the Mummy Wizard began the quest for the Orb.
     0 | D:1      | Reached XP level 1. HP: 13/13 MP: 5/5
   312 | D:1      | Reached XP level 2. HP: 8/20 MP: 1/7
   317 | D:1      | Learned a level 2 spell: Blink
   320 | D:1      | Learned a level 2 spell: Call Imp
   323 | D:1      | Learned a level 2 spell: Slow
  1136 | D:1      | Reached XP level 3. HP: 11/25 MP: 0/9
  1168 | D:1      | Reached skill level 5 in Spellcasting
  1779 | D:1      | Reached skill level 1 in Conjurations
  2199 | D:2      | Killed from afar by an orc wizard

Levels and vault maps discovered:
D:1:      dpeg_arrival_tiny_c, layout_basic
D:2:      layout_loops_corners, nicolae_overflow_crystal_walls, uniq_jessica

Skill      XL: |  1  2  3 |
---------------+----------+-----
Spellcasting   | 5 |  5.1
Conjurations   | 1 |  1.1
Fighting       | |  0.9
Dodging        | |  1.6
Stealth        | |  1.7
Summonings     | |  0.7
Translocations | |  0.7

Action                   || total
-------------------------++-------
Melee: Unarmed           ||     8
       Dagger            ||    36
 Cast: Magic Dart        ||    80
       Call Imp          ||    10
  Use: Scroll            ||     1
Armor: Robe              ||     7
Dodge: Dodged            ||    41

Table legend:
 A = Non-vault XP
 B = Vault XP
 C = Vault XP percentage of total XP
 D = Non-vault monster count
 E = Vault monster count
 F = Vault count percentage of total count
                 A         B        C        D         E       F
            +---------+---------+-------+---------+---------+-------
      Total |      63 |       0 |   0.0 |      37 |       0 |   0.0
            +---------+---------+-------+---------+---------+-------
        D:1 |      50 |       0 |   0.0 |      30 |       0 |   0.0
        D:2 |      13 |       0 |   0.0 |       7 |       0 |   0.0
            +---------+---------+-------+---------+---------+-------
